 Dungeon Crawl Stone Soup version 0.19.0 (webtiles) character file.

208 Danakh the Chopper (level 5, -11/42 HPs)
             Began as a Demonspawn Chaos Knight on Nov 11, 2016.
             Was a Follower of Ru.
             Mangled by an ogre
             ... wielding a +0 giant club
              (27 damage)
             ... on level 4 of the Dungeon.
             The game lasted 00:07:37 (2103 turns).

Danakh the Chopper (Demonspawn Chaos Knight)        Turns: 2103, Time: 00:07:37

Health: -11/42     AC: 19    Str: 14    XL:     5   Next: 55%
Magic:  5/5        EV:  6    Int: 13    God:    Ru [*.....]
Gold:   156        SH:  7    Dex: 12    Spells: 0 memorised, 4 levels left

rFire  . . .     SeeInvis .     a - +0 hand axe (chaos)
rCold  . . .     Gourm    .     f - +0 scale mail
rNeg   . . .     Faith    .     D - +0 shield
rPois  .         Spirit   .     (no helmet)
rElec  .         Reflect  .     C - +1 cloak
rCorr  .         Harm     .     l - +0 pair of gloves
MR     .....                    x - -1 pair of boots (curse)
Stlth  ..........               (no amulet)
                                (no ring)
                                h - +6 ring of protection

@: no status effects
A: thin metallic scales 2, rot immunity, no hexes magic, no ice magic, no
summoning magic
a: Renounce Religion


You were on level 4 of the Dungeon.
You worshipped Ru.
Ru was aware of your devotion.
You were not hungry.

You visited 1 branch of the dungeon, and saw 4 of its levels.

You collected 156 gold pieces.

Inventory:

Hand Weapons
 a - a +0 hand axe of chaos (weapon)
Armour
 b - a +2 leather armour
 f - a +0 scale mail (worn)
 l - a +0 pair of gloves (worn)
 x - a cursed -1 pair of boots (worn)
 C - a +1 cloak (worn)
 D - a +0 shield (worn)
Jewellery
 h - a +6 ring of protection (left hand)
Scrolls
 d - a scroll of enchant weapon {unknown}
 e - 3 scrolls of identify {unknown}
 i - a scroll of fear {unknown}
 m - 3 scrolls of magic mapping {unknown}
 p - a scroll of immolation {unknown}
 q - a scroll of enchant armour {unknown}
 r - 3 scrolls of amnesia {unknown}
 s - 2 scrolls of noise {unknown}
 u - 6 scrolls of teleportation {unknown}
 y - a scroll of blinking {unknown}
Potions
 g - a potion of ambrosia {unknown}
 k - 2 potions of haste {unknown}
 n - 3 potions of invisibility {unknown}
 o - a potion of agility {unknown}
 t - a potion of might {unknown}
 v - 2 potions of resistance {unknown}
 w - 2 potions of brilliance {unknown}
 A - a potion of magic {unknown}
 B - 2 potions of degeneration {unknown}
 E - a potion of mutation {unknown}
Comestibles
 c - 3 bread rations
 j - a meat ration
 z - a beef jerky
 F - 3 chunks of flesh


   Skills:
 + Level 4.0 Fighting
 * Level 4.5 Axes
 + Level 2.8 Armour
 - Level 0.8 Dodging
 + Level 0.3 Shields


You had 4 spell levels left.
You didn't know any spells.

Dungeon Overview and Level Annotations

Branches:
Dungeon (4/15)
 Temple: D:4-7

Altars:
Ru


Innate Abilities, Weirdness & Mutations

You are mostly covered in thin metallic scales. (AC +3)
You are immune to rotting.
You cannot study or cast Hexes magic.
You cannot study or cast Ice magic.
You cannot study or cast Summoning magic.


Message History

Your shield prevents you from hitting the ogre.
You block the ogre's attack.
You hit the ogre.
The ogre goes berserk!
The ogre is heavily wounded.
You block the ogre's attack. x2
You hit the ogre but do no damage.
The ogre looks as sick as possible!
The ogre is heavily wounded.
The ogre hits you with a giant club!
You hit the ogre.
The ogre looks as sick as possible!
The ogre is severely wounded.
The ogre hits you with a giant club.
You hit the ogre.
The ogre is severely wounded.
The ogre barely misses you. You block the ogre's attack.
You closely miss the ogre.
The ogre is severely wounded.
The ogre hits you with a giant club!!
Ouch! That really hurt!
You die...
Xom thinks this is hilarious!

...# #..# #..#
#..# # ## #..#
.# #.##.##..#
#### ###.####
#.....O..##....
........
.......@....#
.......#
###...#.##..#
....#..# ##.
#.##..#
.##.#..# #
#.##..######
.#..#..#
#...(.......
.#..#..# ###
####..######
.#..#..# #..
#..# .......#
#.# #..#
##..#.## #.#
#..#


You could see an ogre (berserk).

Vanquished Creatures
  Crazy Yiuf (D:3)
  A hound (D:4)
  An orc priest (D:3)
  3 adders
  2 oozes
  2 adder skeletons (D:4)
  2 dart slugs
  2 leopard geckos (D:3)
  9 orcs
  2 ball pythons
  A giant cockroach (D:2)
  11 goblins
  4 hobgoblins
  2 jackals (D:1)
  2 quokkas
  A ball python skeleton (D:4)
  7 bats
  A frilled lizard (D:1)
  4 kobolds
  A leopard gecko skeleton (D:4)
  7 rats
66 creatures vanquished.

Notes
Turn   | Place    | Note
-------+----------+-------------------------------------------
     0 | D:1      | Danakh the Demonspawn Chaos Knight began the quest for the Orb.
     0 | D:1      | Reached XP level 1. HP: 18/18 MP: 1/1
   157 | D:1      | Gained mutation: You are partially covered in thin metallic scales. (AC +2) [demonic ancestry]
   157 | D:1      | Reached XP level 2. HP: 23/24 MP: 2/2
   448 | D:1      | Gained mutation: You are immune to rotting. [demonic ancestry]
   448 | D:1      | Reached XP level 3. HP: 27/29 MP: 3/3
   626 | D:1      | XOM: harmless Chrm miscast
   737 | D:2      | Found a sacrificial altar of Ru.
   753 | D:2      | Fell from the grace of Xom
   753 | D:2      | Became a worshipper of Ru the Awakened
  1067 | D:2      | XOM: torment (16/29 hp)
  1090 | D:3      | Gained mutation: You are mostly covered in thin metallic scales. (AC +3) [demonic ancestry]
  1090 | D:3      | Reached XP level 4. HP: 22/36 MP: 4/4
  1445 | D:3      | Found a runed door.
  1449 | D:3      | Noticed Crazy Yiuf
  1458 | D:3      | Killed Crazy Yiuf
  1505 | D:3      | Reached XP level 5. HP: 14/42 MP: 5/5
  1995 | D:4      | Gained mutation: You cannot study or cast Ice magic. [Ru sacrifice]
  1995 | D:4      | Gained mutation: You cannot study or cast Hexes magic. [Ru sacrifice]
  1995 | D:4      | Gained mutation: You cannot study or cast Summoning magic. [Ru sacrifice]
  1995 | D:4      | Reached * piety under Ru
  2090 | D:4      | Noticed an ogre
  2103 | D:4      | Mangled by an ogre

Skill      XL: |  1  2  3  4  5 |
---------------+----------------+-----
Armour         | 2 |  2.8
Axes           | 3 4 |  4.5
Fighting       | 4 |  4.0
Dodging        | |  0.8
Shields        | |  0.3

Action                   |  1- 3 |  4- 6 || total
-------------------------+-------+-------++-------
Melee: Hand axe          |    93 |   131 ||   224
Invok: Sacrifice Arcana  |       |     1 ||     1
 Stab: Paralysed         |     1 |     1 ||     2
  Eat: Chunk             |     1 |     3 ||     4
Armor: Leather armour    |     3 |       ||     3
       Scale mail        |    56 |    74 ||   130
Dodge: Dodged            |    45 |    44 ||    89
Block: Shield            |       |    27 ||    27
